 Dungeon Crawl Stone Soup version 0.20.0-15-g7f486f2 (webtiles) character file.

6009 nikopol the Cleaver (level 10, 0/87 (88) HPs)
             Began as a Hill Orc Fighter on June 10, 2017.
             Was an Elder of Okawaru.
             Slain by a six-headed hydra (4 damage)
             ... on level 1 of the Lair of Beasts on June 11, 2017.
             The game lasted 00:26:26 (9841 turns).

nikopol the Cleaver (Hill Orc Fighter)              Turns: 9841, Time: 00:26:27

HP:   0/87 (88)     AC: 14    Str: 28    XL:     10   Next: 85%
MP:   10/10         EV: 10    Int:  8    God:    Okawaru [****..]
Gold: 481           SH: 14    Dex: 10    Spells: 7/9 levels left

rFire    + + +     SeeInvis .   L - +1 scimitar (flame)
rCold    . . .     Gourm    +   S - +2 shield "Tanaj" {rF++ Slay+3}
rNeg     + . .     Faith    .   U - +0 scale mail {rF+}
rPois    .         Spirit   .   R - +1 helmet
rElec    .         Reflect  .   (no cloak)
rCorr    .         Harm     .   J - +0 pair of gloves
MR       +....                  Q - +1 pair of boots
Stlth    ..........             w - amulet of the gourmand
Regen    0.3/turn               l - ring of protection from magic
MPRegen  0.2/turn               o - ring of positive energy (curse)

@: mighty
A: no striking features
a: Heroism, Renounce Religion


You were on level 1 of the Lair of Beasts.
You worshipped Okawaru.
Okawaru was greatly pleased with you.
You were very full.

You visited 3 branches of the dungeon, and saw 11 of its levels.

You collected 481 gold pieces.

Inventory:

Hand Weapons
 a - a +1 war axe
 L - a +1 scimitar of flaming (weapon)
Armour
 J - a +0 pair of gloves (worn)
 Q - a +1 pair of boots (worn)
 R - a +1 helmet (worn)
 S - the +2 shield "Tanaj" (worn) {rF++ Slay+3}
   (You found it on level 7 of the Dungeon)

   It affects your accuracy and damage with ranged weapons and melee attacks
   (+3).
   It greatly protects you from fire.
 U - a +0 scale mail of fire resistance (worn)
Jewellery
 e - an uncursed amulet of regeneration
 l - a ring of protection from magic (left hand)
 o - a cursed ring of positive energy (right hand)
 w - an amulet of the gourmand (around neck)
 B - an uncursed amulet of rage
 K - an uncursed ring of flight
Wands
 s - a wand of acid (7/15)
 v - a wand of random effects (26/48)
 y - a wand of iceblast (7/15)
 C - a wand of flame (26/48)
 F - a wand of iceblast (9/15)
 G - a wand of acid (6/15)
 I - a wand of lightning (12/15)
Scrolls
 c - a scroll of recharging
 m - a scroll of enchant weapon
 n - 5 scrolls of magic mapping
 p - a scroll of noise {unknown}
 q - 4 scrolls of teleportation
 x - a scroll of blinking
 O - 2 scrolls of remove curse
 P - a scroll of random uselessness {unknown}
Potions
 d - a potion of might
 h - a potion of haste {unknown}
 i - 5 potions of brilliance
 j - 3 potions of flight
 k - a potion of heal wounds {unknown}
 t - 3 potions of resistance {unknown}
 u - a potion of agility {unknown}
 z - 2 potions of invisibility {unknown}
 A - 4 potions of curing
 H - a potion of ambrosia {unknown}
Books
 N - the Compendium of Scorching Augmentations
   (You found it on level 7 of the Dungeon)

   Spells                             Type                      Level
   a - Flame Tongue                   Conjuration/Fire             1
   b - Song of Slaying                Charms                       2
   c - Shroud of Golubria             Charms/Translocation         2
   d - Regeneration                   Charms/Necromancy            3
   e - Inner Flame                    Hexes/Fire                   3
   f - Bolt of Magma                  Conjuration/Fire/Earth       5
Comestibles
 f - 12 bread rations
 g - 5 meat rations
 M - 8 fruits


   Skills:
 + Level 8.1 Fighting
 + Level 13.1 Axes
 + Level 7.8 Armour
 + Level 3.1 Dodging
 + Level 1.9 Stealth
 + Level 8.4 Shields


You had 7 spell levels left.
You knew the following spells:

 Your Spells              Type           Power        Failure   Level  Hunger
a - Song of Slaying       Chrm           #.......     97%         2    ###....


Dungeon Overview and Level Annotations

Branches:
Dungeon (9/15)             Temple (1/1) D:7            Lair (1/6) D:9
    Orc (0/2) D:9

Altars:
Ashenzari
Cheibriados
Dithmenos
Elyvilon
Fedhas
Gozag
Hepliaklqana
Kikubaaqudgha
Makhleb
Nemelex Xobeh
Okawaru
Qazlal
Ru
Sif Muna
Trog
Uskayaw
Vehumet
Xom
Yredelemnul
Zin
The Shining One

Shops:
D:6 (


Message History

The seven-headed hydra barely misses you.
You chop one of the seven-headed hydra's heads off!
The flame cauterises the wound!
You slice the six-headed hydra!! You burn the six-headed hydra.
The six-headed hydra is almost dead.
You block the six-headed hydra's attack.
The six-headed hydra bites you.
* * * LOW HITPOINT WARNING * * *
The six-headed hydra bites you.
* * * LOW HITPOINT WARNING * * *
The six-headed hydra bites you but does no damage. x2
You block the six-headed hydra's attack.
The six-headed hydra bites you but does no damage.
The six-headed hydra bites you.
* * * LOW HITPOINT WARNING * * *
The six-headed hydra bites you.
* * * LOW HITPOINT WARNING * * *
The six-headed hydra bites you but does no damage.
The six-headed hydra bites you.
You die...

##
#.###+#####
#..........
###......$...
+............
#.D........
+..@..(....
#..........
##..##.#+##
#### .. ##


You could see a six-headed hydra.

Vanquished Creatures
  Erica (D:8)
  A two-headed ogre (D:9)
  An elephant (D:9)
  A kobold demonologist (D:8)
  2 trolls (D:9)
  Grinder (D:4)
  2 hippogriffs (D:9)
  An ice beast (D:8)
  2 phantoms (D:9)
  A necrophage (D:7)
  6 ogres
  3 centaurs
  2 crocodiles (D:9)
  2 big kobolds
  2 gnoll sergeants
  4 bullfrogs
  A scorpion (D:8)
  A howler monkey (D:7)
  6 crimson imps
  A bullfrog skeleton (D:8)
  A jelly (D:9)
  5 orc priests
  3 hounds
  5 orc wizards
  A centaur skeleton (D:6)
  Terence (D:3)
  Ijyb (D:3)
  Natasha (thrice) (D:3)
  An iguana (D:6)
  6 worker ants
  Robin (D:2)
  8 gnolls
  8 adders
  2 shadow imps
  An ooze (D:6)
  2 adder zombies
  An adder skeleton (D:8)
  2 worms
  2 dart slugs
  7 leopard geckos
  25 orcs
  3 ball pythons
  7 giant cockroaches
  12 goblins
  11 hobgoblins
  12 jackals
  2 quokkas
  8 bats
  6 frilled lizards
  A jackal skeleton (D:7)
  11 kobolds
  A quokka skeleton (D:6)
  7 rats
  2 fungi (D:9)
  3 plants (D:6)
213 creatures vanquished.

Notes
Turn   | Place    | Note
-------+----------+-------------------------------------------
     0 | D:1      | nikopol the Hill Orc Fighter began the quest for the Orb.
     0 | D:1      | Reached XP level 1. HP: 19/19 MP: 1/1
   101 | D:1      | Reached XP level 2. HP: 23/27 MP: 2/2
   322 | D:1      | Reached skill level 3 in Axes
   461 | D:1      | Reached XP level 3. HP: 28/33 MP: 3/3
  1029 | D:2      | Found a sacrificial altar of Ru.
  1047 | D:2      | Reached XP level 4. HP: 39/40 MP: 4/4
  1168 | D:2      | Found a faded altar of an unknown god.
  1280 | D:2      | Noticed Robin
  1296 | D:2      | Killed Robin
  1296 | D:2      | Reached skill level 4 in Axes
  1743 | D:3      | Reached XP level 5. HP: 40/46 MP: 5/5
  2012 | D:3      | Noticed Natasha
  2019 | D:3      | Killed Natasha
  2019 | D:3      | Reached skill level 5 in Axes
  2035 | D:3      | Reached XP level 6. HP: 42/52 MP: 6/6
  2073 | D:3      | Noticed Natasha
  2086 | D:3      | Killed Natasha
  2252 | D:3      | Noticed Terence
  2265 | D:3      | Killed Terence
  2297 | D:3      | Reached skill level 6 in Axes
  2475 | D:3      | Noticed Ijyb
  2482 | D:3      | Killed Ijyb
  2644 | D:3      | Noticed Natasha
  2652 | D:3      | Killed Natasha
  2851 | D:4      | Reached XP level 7. HP: 41/60 MP: 7/7
  3064 | D:4      | Reached skill level 7 in Axes
  3107 | D:4      | Noticed Grinder
  3109 | D:4      | Reached skill level 1 in Dodging
  3109 | D:4      | Reached skill level 1 in Stealth
  3116 | D:4      | Paralysed by Grinder for 2 turns
  3126 | D:4      | Killed Grinder
  3126 | D:4      | Reached skill level 5 in Fighting
  3126 | D:4      | Reached skill level 8 in Axes
  3126 | D:4      | Reached skill level 5 in Shields
  3874 | D:4      | Reached XP level 8. HP: 68/68 MP: 8/8
  3914 | D:5      | Entered Level 5 of the Dungeon
  4062 | D:5      | Found a deep blue altar of Sif Muna.
  4458 | D:5      | Reached skill level 5 in Armour
  4819 | D:6      | Reached skill level 9 in Axes
  5116 | D:6      | Found Quoz's Antique Weapon Emporium.
  5821 | D:7      | Reached XP level 9. HP: 62/75 MP: 9/9
  5823 | D:7      | Reached skill level 10 in Axes
  5947 | D:7      | Got a slimy shield
  5958 | D:7      | Identified the +2 shield "Tanaj" {rF++ Slay+3} (You found it on level 7 of the Dungeon)
  6047 | D:7      | Found a staircase to the Ecumenical Temple.
  6053 | Temple   | Entered the Ecumenical Temple
  6063 | Temple   | Became a worshipper of Warmaster Okawaru
  6733 | D:7      | Identified the Compendium of Scorching Augmentations
  6759 | D:7      | Learned a level 2 spell: Song of Slaying
  7100 | D:8      | Noticed Erica
  7250 | D:8      | Killed Erica
  7250 | D:8      | Reached * piety under Okawaru
  7250 | D:8      | Reached skill level 11 in Axes
  7507 | D:8      | Reached ** piety under Okawaru
  7622 | D:8      | Noticed a kobold demonologist
  7624 | D:8      | Noticed an ice devil
  7630 | D:8      | Noticed a rust devil
  7637 | D:8      | Killed a kobold demonologist
  7637 | D:8      | Reached XP level 10. HP: 49/85 MP: 10/10
  7941 | D:8      | Reached skill level 12 in Axes
  8272 | D:9      | Noticed an elephant
  8361 | D:9      | Found a staircase to the Orcish Mines.
  8445 | D:9      | Reached *** piety under Okawaru
  8651 | D:9      | Found a staircase to the Lair.
  9048 | D:9      | Noticed a two-headed ogre
  9129 | D:9      | Killed a two-headed ogre
  9129 | D:9      | Reached **** piety under Okawaru
  9376 | D:9      | Reached skill level 13 in Axes
  9648 | Lair:1   | Entered Level 1 of the Lair of Beasts
  9648 | Lair:1   | Noticed an eight-headed hydra
  9747 | D:9      | Killed an elephant
  9841 | Lair:1   | HP: 4/87 [six-headed hydra (2)]
  9841 | Lair:1   | Slain by a six-headed hydra

Skill      XL: |  1  2  3  4  5  6  7  8  9 10 |
---------------+-------------------------------+-----
Axes           | 3 4 5 6 8 9 11 13 | 13.1
Shields        | 4 5 6 7 8 |  8.4
Fighting       | 4 5 7 8 |  8.1
Armour         | 4 5 6 7 |  7.8
Dodging        | 1 2 3 |  3.1
Stealth        | 1 |  1.9

Action                   |  1- 3 |  4- 6 |  7- 9 | 10-12 || total
-------------------------+-------+-------+-------+-------++-------
Melee: War axe           |   161 |   190 |   368 |   172 ||   891
       Scimitar          |       |       |       |     3 ||     3
  Use: Potion            |       |       |     1 |     1 ||     2
       Scroll            |       |       |    14 |     2 ||    16
 Stab: Paralysed         |     1 |       |       |       ||     1
  Eat: Chunk             |     1 |     6 |    30 |     6 ||    43
Armor: Scale mail        |    82 |    51 |    99 |    69 ||   301
Dodge: Dodged            |    35 |    41 |    83 |    49 ||   208
Block: Shield            |    80 |    86 |   155 |   111 ||   432
